Map: [ESL] Site Delta

Players

Maru

  • Race: Terran Terran
  • Spawn Location: 11:00

herO - Winner!

  • Race: Protoss Protoss
  • Spawn Location: 5:00

Event: ESL Spring 2024 Finals

VOD

Have the link to the VOD?

Description

Time

  • Played on: June 1, 2024, 3:27 p.m.
  • Length: 7:47

All games in this series

Show
View Real Time Build Order
Export as new Build Order

Maru Terran 

Build Orders: Cyclone Opening 

Get SALT Encoding   

  12  0:00  SCV  
  13  0:12  SCV  
  14  0:17  Supply Depot  
  14  0:24  SCV  
  15  0:38  SCV  
  15  0:40  Barracks  
  16  0:43  Refinery  
  16  0:50  SCV  
  16  0:53  Refinery  
  17  1:02  SCV  
  18  1:15  SCV  
  19  1:27  Orbital Command, Reaper  
  20  1:40  Factory  
  20  1:51  Supply Depot  
  20  1:52  SCV  
  21  1:59  Barracks Reactor  
  21  2:04  SCV  
  22  2:16  SCV  
  22  2:19  Command Center  
  23  2:23  Cyclone  
  23  2:29  Supply Depot  
  25  2:30  SCV  
  26  2:42  SCV  
  27  2:54  Command Center  
  27  2:56  SCV  
  28  3:04  Cyclone  
  30  3:08  SCV  
  30  3:11  Marine x2  
  33  3:20  SCV  
  33  3:22  Barracks  
  33  3:31  Orbital Command  
  33  3:34  Marine x2  
  33  3:37  Factory Tech Lab  
  33  3:39  SCV  
  36  3:51  SCV  
  36  3:53  Marine x2  
  39  3:56  SCV  
  39  3:59  Siege Tank  
  43  4:03  SCV  
  43  4:07  Orbital Command  
  43  4:08  SCV  
  45  4:10  Barracks Tech Lab  
  45  4:14  Barracks  
  45  4:15  SCV  
  46  4:18  Marine x2  
  46  4:21  SCV  
  49  4:27  SCV  
  49  4:28  Supply Depot  
  49  4:29  Stimpack  
  50  4:34  SCV x2  
  52  4:39  SCV, Engineering Bay  
  52  4:40  Engineering Bay  
  53  4:46  Marine x2  
  53  4:47  Marine  
  53  4:48  SCV x2  
  53  4:52  Starport  
  58  4:53  Factory Reactor  
  58  4:55  SCV  
  58  4:59  Supply Depot  
  59  5:04  SCV x2, Marine x2  
  63  5:07  SCV  
  63  5:10  Terran Infantry Weapons Level 1, Terran Infantry Armor Level 1  
  63  5:12  Combat Shield  
  64  5:16  Refinery  
  64  5:19  Marine x2  
  66  5:22  Supply Depot, Marine  
  66  5:25  SCV x3  
  66  5:28  Supply Depot  
  70  5:31  Refinery  
  70  5:37  SCV  
  70  5:39  Marine, Marauder, Factory Reactor  
  70  5:40  Marine, Marauder  
  77  5:44  Medivac  
  77  5:47  SCV x2  
  77  5:49  Factory Tech Lab  
  77  5:50  SCV  
  72  5:59  SCV x2  
  72  6:00  Marine  
  72  6:01  Marauder x2  
  72  6:02  Medivac  
  72  6:03  SCV  
  82  6:09  Siege Tank  
  85  6:11  SCV  
  83  6:19  Concussive Shells  
  83  6:20  Barracks  
  83  6:22  Supply Depot, Barracks  
  83  6:24  Marine, Marauder  
  83  6:25  Marauder  
  88  6:28  Medivac  
  89  6:34  SCV  
  89  6:35  SCV x2  
  89  6:38  Medivac  
  94  6:42  Marine  
  94  6:46  Supply Depot, Marauder  
  97  6:51  SCV  
  82  6:56  SCV  
  82  6:57  Marine  
  82  6:58  Marauder  
  82  7:00  Marine  
  68  7:07  Marauder  
  59  7:09  Medivac  
  59  7:15  Marine x2  
  62  7:18  Marine  
  62  7:19  Marauder  
  62  7:22  SCV  
  51  7:23  SCV  
  51  7:26  Marine  
  49  7:34  SCV  
Show
View Real Time Build Order
Export as new Build Order

herO Protoss - Winner!

Build Orders: 1 Gate Expand, Phoenix Opening, Blink Stalkers 

Get SALT Encoding   

  12  0:00  Probe  
  13  0:12  Probe  
  14  0:16  Pylon  
  14  0:24  Probe  
  15  0:35  Gateway  
  15  0:36  Probe (Chrono Boost)  
  15  0:42  Assimilator  
  16  0:48  Probe (Chrono Boost)  
  17  0:53  Probe (Chrono Boost)  
  18  1:02  Probe  
  20  1:21  Nexus  
  19  1:27  Cybernetics Core  
  19  1:30  Probe  
  20  1:35  Assimilator  
  20  1:42  Probe  
  20  1:46  Pylon  
  21  1:54  Probe  
  22  2:01  Stalker (Chrono Boost)  
  22  2:06  Probe  
  25  2:14  Stargate  
  25  2:18  Probe  
  26  2:24  Adept  
  26  2:26  Warp Gate  
  28  2:31  Probe (Chrono Boost)  
  28  2:32  Shield Battery  
  28  2:36  Probe (Chrono Boost)  
  30  2:43  Probe (Chrono Boost)  
  31  2:45  Probe (Chrono Boost)  
  31  2:48  Probe (Chrono Boost)  
  31  2:50  Probe (Chrono Boost)  
  33  2:57  Probe  
  35  3:00  Phoenix  
  35  3:02  Probe  
  38  3:09  Probe  
  38  3:11  Twilight Council  
  39  3:14  Probe  
  40  3:22  Probe  
  40  3:25  Gateway  
  40  3:26  Gateway  
  41  3:27  Probe  
  42  3:34  Pylon  
  42  3:38  Probe  
  42  3:40  Probe  
  42  3:41  Blink (Chrono Boost)  
  46  3:52  Probe x2  
  46  3:59  Nexus  
  44  4:04  Pylon  
  44  4:06  Probe x2  
  46  4:15  Stalker  
  48  4:18  Probe x2  
  48  4:22  Stalker  
  52  4:24  Stalker, Pylon  
  52  4:30  Probe x2  
  56  4:32  Pylon  
  56  4:42  Probe  
  56  4:43  Probe  
  58  4:48  Stalker x3  
  64  4:54  Probe  
  64  4:55  Probe  
  66  5:01  Gateway  
  66  5:02  Gateway  
  66  5:03  Gateway  
  66  5:11  Gateway  
  66  5:12  Charge (Chrono Boost)  
  66  5:15  Probe x2  
  66  5:21  Stalker x2  
  72  5:22  Stalker  
  72  5:25  Probe  
  75  5:29  Shield Battery  
  75  5:32  Gateway  
  75  5:39  Probe  
  75  5:41  Gateway  
  76  5:43  Pylon  
  76  5:47  Stalker x3  
  78  6:02  Zealot x3  
  84  6:05  Pylon x2  
  84  6:07  Forge  
  84  6:09  Zealot  
  84  6:10  Zealot x2  
  84  6:11  Sentry  
  92  6:22  Probe x3  
  92  6:23  Assimilator  
  95  6:28  Zealot x3  
  95  6:30  Pylon  
  95  6:31  Zealot x3, Pylon  
  107  6:34  Zealot  
  107  6:35  Zealot  
  105  6:59  Zealot x6  
  105  7:00  Zealot x2  
  107  7:06  Probe x3  
  106  7:20  Zealot x8  
  110  7:32  Robotics Facility  
  106  7:40  Zealot x8  
Tags
 
Add a new tag
Caveats
  • Supply blocks, unpowered buildings, or Contaminate may cause inaccurate times.
  • Supply counts are checked every 10 seconds.